 Dungeon Crawl Stone Soup version 0.29.1-12-g30fa7ad0bf (webtiles) character file.

Game seed: 15390236052414275518

104 MisterFreud the Covert (level 4, 0/32 HPs)
             Began as a Gnoll Wanderer on Dec 18, 2022.
             Was an Initiate of Yredelemnul.
             Slain by a gnoll
             ... wielding a +0 flail
              (2 damage)
             ... on level 3 of the Dungeon.
             The game lasted 00:03:39 (3496 turns).

MisterFreud the Covert (Gnoll Wanderer)             Turns: 3496, Time: 00:03:39

Health: 0/32       AC: 12    Str:  8    XL:     4   Next: 80%
Magic:  8/8        EV:  3    Int: 12    God:    Yredelemnul [......]
Gold:   184        SH:  0    Dex: 16    Spells: 9/9 levels left

rFire   . . .      SeeInvis .   a - +2 dagger
rCold   . . .      Faith    .   (no shield)
rNeg    . . .      Spirit   .   g - +0 storm dragon scales
rPois   .          Reflect  .   (no helmet)
rElec   +          Harm     .   f - +0 cloak {rCorr}
rCorr   +          Rampage  .   (no gloves)
Will    .....                   (no boots)
Stlth   +.........              (no amulet)
HPRegen 0.10/turn               (no ring)
MPRegen 0.11/turn               (no ring)

@: no status effects
A: fangs 1, strong nose, distributed training
a: Renounce Religion, Recall Undead Harvest


You were on level 3 of the Dungeon.
You worshipped Yredelemnul.
Yredelemnul was noncommittal.
You visited 1 branch of the dungeon, and saw 4 of its levels.

You collected 184 gold pieces.

Inventory:

Hand Weapons
 a - a +2 dagger (weapon)
 c - a +0 sling
 t - a +0 lajatang
Missiles
 p - 2 poisoned darts (quivered)
Armour
 d - a +0 ring mail
 f - a +0 cloak of preservation (worn)
 g - +0 storm dragon scales (worn)
Scrolls
 b - 2 scrolls of fear
 e - 2 scrolls of blinking
 h - a scroll of enchant armour {unknown}
 j - a scroll of brand weapon {unknown}
 k - 3 scrolls of immolation {unknown}
 n - a scroll of magic mapping {unknown}
 s - a scroll of fog {unknown}
Potions
 i - a potion of might {unknown}
 l - a potion of lignification {unknown}
 m - a potion of heal wounds {unknown}
 o - a potion of resistance {unknown}
 q - 2 potions of mutation {unknown}
 r - 2 potions of berserk rage {unknown}
 u - a potion of curing {unknown}


   Skills:
 + Level 1.3 Fighting
 + Level 1.3 Short Blades
 + Level 1.3 Long Blades
 + Level 1.3 Axes
 + Level 1.3 Maces & Flails
 + Level 1.3 Polearms
 + Level 1.3 Staves
 + Level 2.8 Ranged Weapons
 + Level 1.3 Throwing
 + Level 2.8 Armour
 + Level 1.3 Dodging
 + Level 9.6 Stealth
 + Level 1.3 Shields
 + Level 1.3 Unarmed Combat
 + Level 3.1 Spellcasting
 + Level 1.0 Conjurations
 + Level 1.0 Hexes
 + Level 1.0 Summonings
 + Level 1.0 Necromancy
 + Level 1.0 Translocations
 + Level 1.0 Transmutations
 + Level 1.0 Fire Magic
 + Level 1.0 Ice Magic
 + Level 1.0 Air Magic
 + Level 1.0 Earth Magic
 + Level 1.0 Poison Magic
 + Level 4.8 Invocations
 + Level 1.3 Evocations


You had 9 spell levels left.
You didn't know any spells.
Your spell library contained the following spells:

 Spells                   Type           Power      Damage    Failure   Level
 Slow                     Hex            16%        N/A       100%        1
 Confusing Touch          Hex            4%         N/A       100%        3
 Vampiric Draining        Necr           4%         2d6       100%        3


Dungeon Overview and Level Annotations

Branches:
Dungeon (4/15)
 Temple: D:4-7

Altars:
Yredelemnul

Shops:
D:1 *   D:2 [

Annotations:
D:3 3 runed translucent doors, diceflayer's ghost, amateur DsHu


Innate Abilities, Weirdness & Mutations

You have very sharp teeth.
Your uncanny sense of smell can sniff out nearby items.
Your experience applies equally to all skills.


Message History

You closely miss the gnoll. You hit the gnoll.
You bite the gnoll, but do no damage.
The gnoll is lightly wounded.
The gnoll barely misses you.
You closely miss the gnoll.
The gnoll is lightly wounded.
The gnoll hits you with a +0 flail.
You hit the gnoll but do no damage.
The gnoll is lightly wounded.
A gnoll comes into view. It is wielding a +0 halberd.
The gnoll barely misses you.
You hit the gnoll.
The gnoll is moderately wounded.
The gnoll hits you but does no damage.
You hit the gnoll.
The gnoll is moderately wounded.
The gnoll hits you but does no damage. The gnoll hits you with a +0 flail.
There is a stone staircase leading up here.
The gnoll hits you with a +0 flail!
You climb upwards.
Level annotation: 3 runed translucent doors, diceflayer's ghost, amateur DsHu
There is a stone staircase leading down here.
You barely miss the gnoll.
The gnoll is moderately wounded.
The gnoll hits you with a +0 flail!
You are too injured to fight recklessly!
You are too injured to fight recklessly!
You closely miss the gnoll.
The gnoll is moderately wounded.
The gnoll hits you with a +0 flail.
* * * LOW HITPOINT WARNING * * *
You hit the gnoll.
The gnoll is heavily wounded.
The gnoll hits you with a +0 flail.
* * * LOW HITPOINT WARNING * * *
You closely miss the gnoll.
The gnoll is heavily wounded.
The gnoll hits you with a +0 flail.
You die...
Your body rises from the dead as a mindless zombie.

#.....#
#......#..##Z.##....
#.....#
##........Z.####....
######## #..#..)#.###
#.... #...#
###.##...### #....
#...# #........# #....
#...##### #........#
#....
#...#.#.#.#........#
###..
#...#.....#........#
#..
#...+...[##...@....#
###
###...+...).#....g..##
......+Z...###...####
####.Z#ZZ...##.###
...#.##W#.#.##.#######
##.#..########.......#
.#.#....Z..#.#######Z#
.#.......Z.#.#.#####.#
Z########Z##.#.Z.....#


You could see a gnoll.

Vanquished Creatures
  2 adders
  A worm (D:3)
  4 dart slugs
  2 orcs (D:3)
  5 endoplasms
  5 giant cockroaches
  9 hobgoblins
  3 jackals
  3 quokkas
  2 ball pythons (D:1)
  4 bats
  4 goblins
  5 kobolds (D:1)
  2 rats (D:1)
51 creatures vanquished.

Vanquished Creatures (collateral kills)
  An adder (D:3)
  A goblin (D:3)
  A hobgoblin (D:3)
  A jackal (D:3)
  A bat (D:3)
  A frilled lizard (D:3)
6 creatures vanquished.

Vanquished Creatures (others)
  A bat zombie (D:3)
  An endoplasm zombie (D:3)
  A hobgoblin zombie (D:3)
  An orc zombie (D:3)
4 creatures vanquished.

Grand Total: 61 creatures vanquished

Notes
Turn   | Place    | Note
-------+----------+-------------------------------------------
     0 | D:1      | Reached skill level 9 in Stealth
     0 | D:1      | MisterFreud the Gnoll Wanderer began the quest for the Orb.
     0 | D:1      | MisterFreud set off with the following items: a +2 dagger,
                  | a scroll of fear, a +0 sling, a +0 ring mail, a scroll of
                  | blinking.
     0 | D:1      | Reached XP level 1. HP: 13/13 MP: 4/4
     5 | D:1      | Found Ojem Nik's General Store.
   120 | D:1      | Reached XP level 2. HP: 19/19 MP: 5/5
   630 | D:1      | Reached XP level 3. HP: 24/25 MP: 7/7
   994 | D:2      | Found a basalt altar of Yredelemnul.
  1459 | D:2      | Reached skill level 1 in Fighting
  1459 | D:2      | Reached skill level 1 in Short Blades
  1459 | D:2      | Reached skill level 1 in Long Blades
  1459 | D:2      | Reached skill level 1 in Axes
  1459 | D:2      | Reached skill level 1 in Maces & Flails
  1459 | D:2      | Reached skill level 1 in Polearms
  1459 | D:2      | Reached skill level 1 in Staves
  1459 | D:2      | Reached skill level 1 in Throwing
  1459 | D:2      | Reached skill level 1 in Dodging
  1459 | D:2      | Reached skill level 1 in Shields
  1459 | D:2      | Reached skill level 1 in Unarmed Combat
  1459 | D:2      | Reached skill level 1 in Evocations
  1471 | D:2      | Identified the +4 ring mail of Shielding {Will+ rCorr Int+4
                  | Dex+2}
  1500 | D:2      | Became a worshipper of Yredelemnul the Dark
  1566 | D:2      | Found Sek Heul's Armour Shop.
  1665 | D:2      | Reached XP level 4. HP: 30/32 MP: 8/8
  2016 | D:3      | Reached * piety under Yredelemnul
  2183 | D:3      | Reached skill level 1 in Conjurations
  2183 | D:3      | Reached skill level 1 in Hexes
  2183 | D:3      | Reached skill level 1 in Summonings
  2183 | D:3      | Reached skill level 1 in Necromancy
  2183 | D:3      | Reached skill level 1 in Translocations
  2183 | D:3      | Reached skill level 1 in Transmutations
  2183 | D:3      | Reached skill level 1 in Fire Magic
  2183 | D:3      | Reached skill level 1 in Ice Magic
  2183 | D:3      | Reached skill level 1 in Air Magic
  2183 | D:3      | Reached skill level 1 in Earth Magic
  2183 | D:3      | Reached skill level 1 in Poison Magic
  2274 | D:3      | Found a runed translucent gate.
  2274 | D:3      | Found a runed translucent gate.
  2274 | D:3      | Found a runed translucent gate.
  2275 | D:3      | Noticed diceflayer's ghost (amateur DsHu)
  3496 | D:3      | Slain by a gnoll

Illustrated notes

Levels and vault maps discovered:
D:1:      dpeg_arrival_orchard, layout_loops_ring, serial_shops,
          nicolae_diamond_shop, chequers_serial_rivers_small_b
D:2:      wander_river, layout_loops_corners, serial_shops,
          nicolae_lakefront_shop, basic_altar
D:3:      layout_basic, gammafunk_ghost_necromancy, minmay_increasing_density
D:4:      layout_loops_ring, mainiacjoe_overflow_surrounded_room

Skill      XL: |  1  2  3  4 |
---------------+-------------+-----
Stealth        | |  9.6
Fighting       | 1 |  1.3
Short Blades   | 1 |  1.3
Long Blades    | 1 |  1.3
Axes           | 1 |  1.3
Maces & Flails | 1 |  1.3
Polearms       | 1 |  1.3
Staves         | 1 |  1.3
Throwing       | 1 |  1.3
Dodging        | 1 |  1.3
Shields        | 1 |  1.3
Unarmed Combat | 1 |  1.3
Evocations     | 1 |  1.3
Spellcasting   | 3 |  3.1
Conjurations   | 1 |  1.0
Hexes          | 1 |  1.0
Summonings     | 1 |  1.0
Necromancy     | 1 |  1.0
Translocations | 1 |  1.0
Transmutations | 1 |  1.0
Fire Magic     | 1 |  1.0
Ice Magic      | 1 |  1.0
Air Magic      | 1 |  1.0
Earth Magic    | 1 |  1.0
Poison Magic   | 1 |  1.0
Ranged Weapons | |  2.8
Armour         | |  2.8
Invocations    | |  4.8

Action                   |  1- 3 |  4- 6 || total
-------------------------+-------+-------++-------
Melee: Dagger            |   123 |    74 ||   197
       Bite              |    15 |    10 ||    25
       Punch             |     3 |       ||     3
  Use: Scroll            |     1 |       ||     1
 Stab: Sleeping          |    14 |     2 ||    16
Armor: Ring mail         |    23 |       ||    23
       Storm dragon scal |    54 |    49 ||   103
Dodge: Dodged            |    28 |     8 ||    36
